 Dungeon Crawl Stone Soup version 0.20-a0-893-g832831a (webtiles) character file.

55 JeffiDaFish the Digger (level 3, -3/19 HPs)
             Began as a Gargoyle Earth Elementalist on Mar 18, 2017.
             Killed from afar by Sigmund (12 damage)
             ... with a puff of flame
             ... on level 2 of the Dungeon.
             The game lasted 00:05:13 (1778 turns).

JeffiDaFish the Digger (GrEE)                       Turns: 1778, Time: 00:05:14

Health: -3/19      AC:  6    Str: 11    XL:     3   Next: 93%
Magic:  1/6        EV: 12    Int: 15    God:
Gold:   95         SH:  0    Dex: 11    Spells: 2/6 levels left

rFire    . . .     SeeInvis .   i - +0 spear
rCold    . . .     Gourm    .   c - +1 robe
rNeg     + . .     Faith    .   (no shield)
rPois    ∞         Spirit   .   (no helmet)
rElec    +         Reflect  .   (no cloak)
rCorr    .         Harm     .   (no gloves)
MR       .....                  (no boots)
Stlth    ++........             (no amulet)
Regen    0.1/turn               (no ring)
MPRegen  0.1/turn               (no ring)

@: no status effects
A: negative energy resistance 1, electricity resistance, unbreathing,
petrification resistance, rot immunity, AC +3
a: no special abilities


You were on level 2 of the Dungeon.
You were not hungry.

You visited 1 branch of the dungeon, and saw 2 of its levels.

You collected 95 gold pieces.

Inventory:

Hand Weapons
 h - a +0 dagger
 i - a +0 spear (weapon)
Missiles
 b - 80 stones (quivered)
Armour
 c - a +1 robe (worn)
 k - a +0 ring mail
Potions
 f - a potion of might
Books
 e - a book of Geomancy

   Spells                             Type                      Level
   a - Sandblast                      Earth                        1
   b - Passwall                       Transmutation/Earth          2
   c - Stone Arrow                    Conjuration/Earth            3
   d - Petrify                        Transmutation/Earth          4
   e - Lee's Rapid Deconstruction     Earth                        5
Comestibles
 a - 4 royal jellies
 d - a bread ration
 g - 2 fruits
 j - a meat ration


   Skills:
 + Level 0.2 Fighting
 + Level 0.6 Polearms
 + Level 1.9 Dodging
 - Level 2.4 Stealth
 - Level 0.4 Unarmed Combat
 * Level 2.3 Spellcasting
 + Level 0.9 Conjurations
   Level 0.7 Transmutations
 * Level 4.3 Earth Magic


You had 2 spell levels left.
You knew the following spells:

 Your Spells              Type           Power        Failure   Level  Hunger
a - Sandblast             Erth           ##....       4%          1    #......
b - Stone Arrow           Conj/Erth      #.....       24%         3    ###....


Dungeon Overview and Level Annotations

Branches:
Dungeon (2/15)

Altars:

Annotations:
D:2 Sigmund


Innate Abilities, Weirdness & Mutations

You are resistant to torment.
Your stone body is resilient. (AC +3)
You are immune to poison.
You resist negative energy. (rN+)
You are resistant to electric shocks. (rElec)
You can survive without breathing.
You are immune to petrification.
You are immune to rotting.


Message History

Sigmund flickers and vanishes!
Deactivating autopickup; reactivate with Ctrl-A.
Attack whom?
Press: ? - help, Dir - move target cursor, f - you That would be overly suicidal.
Okay, then.
Attack whom?
Press: ? - help, Dir - move target cursor You reach to attack!
You barely miss something. Something hits you.
Attack whom?
Press: ? - help, Dir - move target cursor You reach to attack!
You closely miss something.
Attack whom?
Press: ? - help, Dir - move target cursor You reach to attack!
You hit something.
You hear some strange, mumbled words.
A puff of flame appears from out of thin air!
The puff of flame hits you!
Ouch! That really hurt!
You die...

........##.....#######
........#####..#
...............#
........######.#####
........@.†.##.#...#
########S...##.#...#
#....##.#.).###
########....##.#......
#....@†{...........[..
########....####......
#....# #...... #....#
#...... #....#
##...... ######
#<###... #.# #### #.#
#..


There were no monsters in sight!

Vanquished Creatures
  3 adders (D:2)
  A dart slug (D:1)
  3 leopard geckos
  7 goblins
  A hobgoblin (D:1)
  5 bats
  A kobold (D:1)
  3 rats
24 creatures vanquished.

Notes
Turn   | Place    | Note
-------+----------+-------------------------------------------
     0 | D:1      | JeffiDaFish the Gargoyle Earth Elementalist began the quest for the Orb.
     0 | D:1      | Reached XP level 1. HP: 10/10 MP: 3/3
   119 | D:1      | Reached XP level 2. HP: 6/15 MP: 3/5
   913 | D:1      | Reached skill level 4 in Earth Magic
  1187 | D:2      | Reached XP level 3. HP: 18/19 MP: 6/6
  1210 | D:2      | Learned a level 3 spell: Stone Arrow
  1761 | D:2      | Noticed Sigmund
  1778 | D:2      | Killed from afar by Sigmund

Vault maps used:
D:1:      tarquinn_simple_flora_water_d, nrook_mini_backslash,
          hangedman_glass_teeth
D:2:      uniq_sigmund

Skill      XL: |  1  2 |
---------------+-------+-----
Earth Magic    | 4 |  4.3
Fighting       | |  0.2
Polearms       | |  0.6
Dodging        | |  1.9
Stealth        | |  2.4
Unarmed Combat | |  0.4
Spellcasting   | |  2.3
Conjurations   | |  0.9
Transmutations | |  0.7

Action                   || total
-------------------------++-------
Melee: Unarmed           ||    44
       Spear             ||    59
 Cast: Sandblast         ||    18
  Use: Scroll            ||     5
       Potion            ||     4
 Stab: Sleeping          ||     1
  Eat: Chunk             ||     3
Armor: Robe              ||    52
Dodge: Dodged            ||    87
